 Dungeon Crawl Stone Soup version 0.30-a0-782-ge64f9170bb (webtiles) character file.

Game seed: 12695078721267000771

90 mopl the Vexing (level 4, -2/24 HPs)
             Began as a Deep Elf Enchanter on Mar 4, 2023.
             Slain by Grinder (6 damage)
             ... on level 3 of the Dungeon.
             The game lasted 00:03:40 (2107 turns).

mopl the Vexing (Deep Elf Enchanter)                Turns: 2107, Time: 00:03:40

Health: -2/24      AC:  3    Str:  5    XL:     4   Next: 32%
Magic:  10/12      EV: 12    Int: 22    God:
Gold:   71         SH:  0    Dex: 15    Spells: 3/11 levels left

rFire   . . .      SeeInvis .    k - +0 dagger (speed)
rCold   . . .      Faith    .    (no shield)
rNeg    . . .      Spirit   .    b - +0 robe
rPois   .          Reflect  .    (no helmet)
rElec   .          Harm     .    (no cloak)
rCorr   .          Rampage  .    g - +0 pair of gloves
Will    .....                    (no boots)
Stlth   +++                      (no amulet)
HPRegen 0.24/turn                (no ring)
MPRegen 0.13/turn                (no ring)

@: no status effects
A: no striking features
a: no special abilities


You were on level 3 of the Dungeon.
You visited 1 branch of the dungeon, and saw 3 of its levels.

You collected 71 gold pieces.

Inventory:

Hand Weapons
 a - a +1 dagger
 k - a +0 dagger of speed (weapon)
 t - the +4 sling "Wiuf Cuna" {heavy, Fly}
   (You found it on level 2 of the Dungeon)

   Fly:       It grants you flight.
Missiles
 m - 3 javelins
 u - 6 datura-tipped darts
 v - 7 poisoned darts
 w - 3 boomerangs
Armour
 b - a +0 robe (worn)
 g - a +0 pair of gloves (worn)
Scrolls
 e - a scroll of fog {unknown}
 h - 3 scrolls of teleportation {unknown}
 i - a scroll of fear {unknown}
 l - 3 scrolls of identify {unknown}
 p - a scroll of enchant armour {unknown}
 s - a scroll of blinking {unknown}
 x - a scroll of silence {unknown}
Potions
 c - 2 potions of invisibility
 d - a potion of lignification {unknown}
 f - a potion of cancellation {unknown}
 j - a potion of ambrosia {unknown}
 n - a potion of degeneration {unknown}
 o - a potion of curing {unknown}
 q - a potion of heal wounds {unknown}
 r - a potion of flight {unknown}


   Skills:
 + Level 2.1 Short Blades
 - Level 2.4 Dodging
 + Level 4.5 Stealth
 + Level 4.0 Spellcasting
 + Level 4.9 Hexes


You had 3 spell levels left.
You knew the following spells:

 Your Spells              Type           Power      Damage    Failure   Level
b - Ensorcelled Hibernat  Hex/Ice        30%        N/A       6%          2
c - Confusing Touch       Hex            26%        N/A       4%          3
d - Tukima's Dance        Hex            26%        N/A       4%          3

Your spell library contained the following spells:

 Spells                   Type           Power      Damage    Failure   Level
 Dazzling Flash           Conj/Hex       30%        N/A       12%         3


Dungeon Overview and Level Annotations

Branches:
Dungeon (3/15)

Altars:

Annotations:
D:3 2 transporters, Grinder; RatherSlowDeath's ghost, amateur KoEn


Message History

Found a stone staircase leading up.
You see here a bat corpse.
There is an escape hatch in the floor here.
You see here a +0 scale mail.
You see here a +0 scale mail.
Grinder is nearby!
Grinder gestures at you.
You suddenly lose the ability to move!
Grinder gestures at you.
You barely resist.
You can move again.
Unknown command.
Casting: Ensorcelled Hibernation (safe; 6% risk of failure)
Confirm with . or Enter, or press ? or * to list all spells.
The spell is quite dangerous to miscast (4% risk of failure)!
Continue anyway?
Your hands begin to glow red.
Grinder rolls her eyes.
You barely miss Grinder. You completely miss Grinder. Grinder misses you.
You barely miss Grinder. Grinder hits you.
You writhe in agony.
You hit Grinder but do no damage.
Grinder appears confused.
You hit Grinder but do no damage. Grinder closely misses you.
You barely miss Grinder. You hit Grinder.
Grinder is lightly wounded.
Grinder hits you.
You writhe in agony.
* * * LOW HITPOINT WARNING * * *
You hit Grinder but do no damage.
Grinder is lightly wounded.
You catch the helpless Grinder completely off-guard!
You puncture Grinder!
Grinder is moderately wounded.
Grinder completely misses you.
You hit Grinder.
Grinder is moderately wounded.
You catch the helpless Grinder completely off-guard!
You puncture Grinder!
Grinder is severely wounded.
Grinder hits you.
You die...

#.#...##....###...#
#.#................
#..................
###...#############
###<#...#... .....#
#.......#.... .....#
#.....[.#..## ###..#
#...5...#..#8 #8#..#
#...@...#/.... Z....#
#......©#$...? .....#
#.......#.... .....#
#.......#..# #8#..#
##.......#..### ###..#
#........#..... ....Z#
#....##[.#..... ....©#
#....##..#############
#....##.[.............


You could see Grinder (confused).

Vanquished Creatures
  3 adders (D:2)
  A dart slug (D:1)
  An orc (D:3)
  8 ball pythons
  3 endoplasms
  3 giant cockroaches
  6 goblins
  8 hobgoblins
  2 jackals (D:1)
  2 quokkas (D:1)
  5 bats
  2 frilled lizards
  8 kobolds
  5 rats
57 creatures vanquished.

Notes
Turn   | Place    | Note
-------+----------+-------------------------------------------
     0 | D:1      | mopl the Deep Elf Enchanter began the quest for the Orb.
     0 | D:1      | Reached XP level 1. HP: 10/10 MP: 6/6
   243 | D:1      | Reached XP level 2. HP: 12/15 MP: 8/8
   261 | D:1      | Learned a level 2 spell: Ensorcelled Hibernation
   411 | D:1      | Reached skill level 4 in Stealth
   624 | D:1      | Reached XP level 3. HP: 11/19 MP: 1/10
  1214 | D:2      | Reached skill level 2 in Short Blades
  1218 | D:2      | Learned a level 3 spell: Tukima's Dance
  1222 | D:2      | Learned a level 3 spell: Confusing Touch
  1383 | D:2      | Found a faded altar of an unknown god.
  1402 | D:2      | Identified the +4 sling "Wiuf Cuna" {heavy, Fly}
  1609 | D:2      | Reached XP level 4. HP: 24/24 MP: 8/11
  1655 | D:2      | Reached skill level 4 in Spellcasting
  1909 | D:3      | Noticed Grinder
  1910 | D:3      | Paralysed by Grinder for 5 turns
  1932 | D:3      | Found a transporter.
  1934 | D:3      | Noticed RatherSlowDeath's ghost (amateur KoEn)
  1939 | D:3      | Found a transporter.
  2092 | D:3      | Paralysed by Grinder for 2 turns
  2107 | D:3      | Slain by Grinder

Illustrated notes

Levels and vault maps discovered:
D:1:      shiori_arrival_elements, layout_basic
D:2:      layout_basic, ebering_ecumenical_altar_ruins
D:3:      layout_basic, serial_shops, nicolae_lakefront_shop,
          gammafunk_ghost_mausoleum, lexackson_kobold_supper, uniq_grinder,
          uniq_jessica

Skill      XL: |  1  2  3  4 |
---------------+-------------+-----
Stealth        | 4 |  4.5
Short Blades   | 2 |  2.1
Spellcasting   | 4 |  4.0
Dodging        | |  2.4
Hexes          | |  4.9

Action                     |  1- 3 |  4- 6 || total
---------------------------+-------+-------++-------
  Melee: Dagger            |   143 |    27 ||   170
         Punch             |     2 |       ||     2
   Cast: Ensorcelled Hiber |    25 |    11 ||    36
         Confusing Touch   |       |     1 ||     1
   Stab: Sleeping          |    30 |     6 ||    36
         Distracted        |     1 |       ||     1
         Confused          |       |     2 ||     2
 Armour: Robe              |    18 |     7 ||    25
  Dodge: Dodged            |    67 |    25 ||    92

Table legend: (Time is in decaauts)
 A = Elapsed time spent in this place.
 B = Non-inter-level travel time spent in this place.
 C = Inter-level travel time spent in this place.
 D = Time resting spent in this place.
 E = Time spent auto-exploring this place.
 F = Levels seen in this place.
 G = Mean time per level.
                   A        B        C        D        E       F      G
               +--------+--------+--------+--------+--------+-----+--------+
         Total |   2058 |   2021 |     37 |    155 |   1359 |   3 |  686.0 |
       Dungeon |   2058 |   2021 |     37 |    155 |   1359 |   3 |  686.0 |
               +--------+--------+--------+--------+--------+-----+--------+

Top non-repeatable levels by time:
     D:1: 965 daAuts
     D:2: 819 daAuts
     D:3: 273 daAuts
